 Dungeon Crawl Stone Soup version 0.29.1-4-g47bece8355 (webtiles) character file.

Game seed: 3448575467909450084

171 KittyFluff the Cudgeller (level 5, -1/49 HPs)
             Began as a Gargoyle Berserker on Dec 7, 2022.
             Was a Believer of Trog.
             Slain by a gnoll
             ... wielding a +0 halberd
              (10 damage)
             ... on level 2 of the Dungeon.
             The game lasted 00:04:01 (1276 turns).

KittyFluff the Cudgeller (Gargoyle Berserker)       Turns: 1276, Time: 00:04:01

Health: -1/49      AC:  6    Str: 21    XL:     5   Next: 51%
Magic:  5/5        EV: 12    Int:  7    God:    Trog [**....]
Gold:   26         SH:  0    Dex: 11    Spells: 4/4 levels left

rFire   . . .      SeeInvis .   a - +0 mace
rCold   . . .      Faith    .   (no shield)
rNeg    + . .      Spirit   .   b - +0 animal skin
rPois   ∞          Reflect  .   (no helmet)
rElec   +          Harm     .   (no cloak)
rCorr   .          Rampage  .   (no gloves)
Will    .....                   (no boots)
Stlth   ..........              (no amulet)
HPRegen 0.16/turn               (no ring)
MPRegen 0.09/turn               (no ring)

@: berserking (expiring), very quick
A: sickness immunity, AC +4, negative energy resistance 1, electricity
resistance, torment resistance 1, petrification resistance
a: Renounce Religion, Berserk, Trog's Hand


You were on level 2 of the Dungeon.
You worshipped Trog.
Trog was pleased with you.
You visited 1 branch of the dungeon, and saw 2 of its levels.

You collected 26 gold pieces.

Inventory:

Hand Weapons
 a - a +0 mace (weapon)
Missiles
 d - 25 stones (quivered)
Armour
 b - a +0 animal skin (worn)
 e - a +0 robe
 f - a +0 leather armour
Scrolls
 c - a scroll of teleportation {unknown}
 g - a scroll of enchant armour {unknown}
 h - 2 scrolls of identify {unknown}
 i - a scroll of magic mapping {unknown}
 l - 2 scrolls of vulnerability {unknown}
Potions
 j - a potion of curing {unknown}
 k - a potion of lignification {unknown}


   Skills:
 + Level 4.0 Fighting
 + Level 4.4 Maces & Flails
 * Level 3.3 Armour
 + Level 2.4 Dodging
 + Level 1.0 Stealth


You had 4 spell levels left.
You didn't know any spells.
Your spell library was empty.

Dungeon Overview and Level Annotations

Branches:
Dungeon (2/15)

Altars:


Innate Abilities, Weirdness & Mutations

You are immune to sickness and miasma.
Your stone body is resilient. (AC +4)
You are immune to poison.
You resist negative energy. (rN+)
You are resistant to electric shocks. (rElec)
You are resistant to unholy torment.
You are immune to petrification.


Message History

The gnoll hits you from afar with a +0 halberd!
You completely miss the goblin.
The goblin is heavily wounded.
The goblin hits you but does no damage. The gnoll closely misses you.
You sock the goblin!
You kill the goblin!
Trog accepts your kill. The gnoll hits you with a +0 halberd.
Things that are here:
a +0 dagger; a goblin corpse You closely miss the gnoll.
The gnoll misses you.
You sock the gnoll!
The gnoll is severely wounded.
The gnoll hits you with a +0 halberd.
You thump the gnoll!
You kill the gnoll!
Trog accepts your kill.
Your Fighting skill increases to level 4!
You thump the giant cockroach!
You kill the giant cockroach!
Trog accepts your kill.
You sock the goblin!
You kill the goblin!
Trog accepts your kill.
You sock the endoplasm!
You kill the endoplasm!
Trog accepts your kill.
You barely miss the gnoll. You sock the gnoll!
You kill the gnoll!
Trog accepts your kill.
Your Stealth skill increases to level 1!
You sock the gnoll!
You kill the gnoll!
Trog accepts your kill.
You can now call upon Trog for regeneration and willpower.
The gnoll hits you from afar with a +0 halberd!
* * * LOW HITPOINT WARNING * * *
The gnoll hits you with a +0 halberd!
You die...

#.# #[........#.#.# #.#
#.....###.....# ..#
#.....#.......# ###
###.#.#.#.....#
#.#.........####...
#.###.#.....[...... #.#
#.###.#.####... ######.#
#)###+#.# #......# #@##....#
#.###### #.g.....## #.# .##
##.......##
#######)#...####.........####
...............'..............
###.........####.........####.
#.###.##..# ##!......## # #.#
#.......# ##......# .##.#
#..##.#.# ##...#.#


You could see a gnoll.

Vanquished Creatures
  A black bear (D:2)
  3 gnolls (D:2)
  An adder (D:2)
  3 ball pythons
  3 endoplasms
  6 giant cockroaches
  A hobgoblin (D:2)
  6 kobolds
  4 quokkas
  3 bats (D:1)
  3 frilled lizards (D:1)
  4 goblins
  2 rats (D:1)
40 creatures vanquished.

Notes
Turn   | Place    | Note
-------+----------+-------------------------------------------
     0 | D:1      | KittyFluff the Gargoyle Berserker began the quest for the
                  | Orb.
     0 | D:1      | Reached XP level 1. HP: 14/14 MP: 1/1
   234 | D:1      | Reached XP level 2. HP: 14/19 MP: 2/2
   594 | D:1      | Reached XP level 3. HP: 19/23 MP: 3/3
   675 | D:1      | Found a faded altar of an unknown god.
  1064 | D:2      | Noticed a black bear
  1070 | D:2      | Killed a black bear
  1071 | D:2      | Reached XP level 4. HP: 20/29 MP: 4/4
  1071 | D:2      | Reached XP level 5. HP: 23/33 MP: 5/5
  1275 | D:2      | Reached skill level 1 in Stealth
  1275 | D:2      | Reached ** piety under Trog
  1276 | D:2      | Slain by a gnoll

Illustrated notes

Levels and vault maps discovered:
D:1:      sevenhm_arrival_forest_fort_large_2, layout_basic,
          hellmonk_ecumenical_altar_prayer_group
D:2:      layout_loops_corners, nicolae_figureground_sparkle

Skill      XL: |  1  2  3  4  5 |
---------------+----------------+-----
Maces & Flails | 4 |  4.4
Armour         | 3 |  3.3
Dodging        | 2 |  2.4
Fighting       | 4 |  4.0
Stealth        | 1 |  1.0

Action                   |  1- 3 |  4- 6 || total
-------------------------+-------+-------++-------
Melee: Mace              |    85 |    21 ||   106
       Punch             |     2 |       ||     2
Invok: Berserk           |     1 |     1 ||     2
 Stab: Sleeping          |     1 |       ||     1
Armor: Animal skin       |    39 |     9 ||    48
Dodge: Dodged            |    65 |     8 ||    73
